 Dungeon Crawl Stone Soup version 0.23.2-1-ga50397a (webtiles) character file.

Game seed: 15698215005380196384

15178 MalarOregon the Grappler (level 12, -2/106 HPs)
             Began as a Ghoul Gladiator on May 30, 2019.
             Was a Priest of Makhleb.
             Slain by a raiju (shapeshifter) (6 damage)
             ... in a Gauntlet.
             The game lasted 00:18:59 (11081 turns).

MalarOregon the Grappler (Ghoul Gladiator)         Turns: 11081, Time: 00:18:59

Health: -2/106     AC: 19    Str: 23    XL:     12   Next: 24%
Magic:  17/17      EV:  4    Int:  3    God:    Makhleb [***...]
Gold:   577        SH:  0    Dex: 10    Spells: 11/11 levels left

rFire    . . .     SeeInvis +     - Unarmed
rCold    + . .     Gourm    .   (no shield)
rNeg     + + +     Faith    .   n - +0 plate armour
rPois    ∞         Spirit   .   b - +1 helmet
rElec    .         Reflect  .   j - +1 cloak
rCorr    .         Harm     .   (no gloves)
MR       +....     NoTele   +   (no boots)
Stlth    ..........             (no amulet)
HPRegen  0.00/turn              l - ring of protection from magic
MPRegen  0.15/turn              z - ring of see invisible

@: held, rotting
A: rotting body, claws 1, carnivore, cold resistance 1, negative energy
resistance 3, inhibited regeneration, torment resistance, unbreathing
a: Minor Destruction, Lesser Servant of Makhleb, Renounce Religion


You were in a Gauntlet.
You worshipped Makhleb.
Makhleb was most pleased with you.
You were not hungry.

You visited 3 branches of the dungeon, and saw 15 of its levels.
You also visited: Gauntlet.

You collected 577 gold pieces.

Inventory:

Hand Weapons
 s - the +5 short sword of the Solstice {pain, rF++ rN+, unknown}
   (You found it on level 11 of the Dungeon)

   In the hands of one skilled in necromantic magic, it inflicts extra damage on
   living creatures.
   It greatly protects you from fire.
   It protects you from negative energy.
Missiles
 c - 3 throwing nets (quivered) {!f}
Armour
 b - a +1 helmet (worn)
 j - a +1 cloak (worn)
   (You found it on level 1 of the Dungeon)
 n - a +0 plate armour (worn)
   (You took it off an orc warrior on level 6 of the Dungeon)
Jewellery
 d - an uncursed ring of resist corrosion
   (You found it on level 1 of the Lair of Beasts)
 l - a ring of protection from magic (left claw)
   (You found it on level 6 of the Dungeon)
 z - a ring of see invisible (right claw)
   (You found it on level 2 of the Dungeon)
Wands
 x - a wand of clouds (8)
   (You found it on level 1 of the Lair of Beasts)
 y - a wand of polymorph (8)
   (You found it on level 7 of the Dungeon)
Scrolls
 f - 4 scrolls of amnesia
 h - 9 scrolls of remove curse {@r2}
 q - a scroll of fog
 u - 3 scrolls of teleportation {@r4}
Potions
 i - a potion of resistance
 k - a potion of invisibility {unknown}
 m - a potion of brilliance
 o - a potion of agility
 t - 3 potions of flight
 w - a potion of magic
 A - 4 potions of might
Comestibles
 e - 21 rations {!d}


   Skills:
 + Level 10.2 Fighting
 - Level 1.7 Throwing
 - Level 9.6 Armour
 - Level 2.6 Dodging
 + Level 12.9 Unarmed Combat
 - Level 8.1 Invocations


You had 11 spell levels left.
You didn't know any spells.
Your spell library was empty.

Dungeon Overview and Level Annotations

Branches:
Dungeon (11/15)            Temple (1/1) D:6            Lair (3/6) D:8
 Shoals (0/4) Lair:3
  Snake: Lair:2-4    Spider: Lair:2-4       Orc: D:9-12

Altars:
Ashenzari
Cheibriados
Dithmenos
Elyvilon
Fedhas
Gozag
Hepliaklqana
Kikubaaqudgha
Makhleb
Nemelex Xobeh
Okawaru
Qazlal
Ru
Sif Muna
Trog
Uskayaw
Vehumet
Wu Jian
Xom
Yredelemnul
Zin
The Shining One

Shops:
D:4 *

Annotations:
D:3 1 runed translucent door, Borgoz's ghost, amateur MiBe
D:4 2 transporters, diana's ghost, amateur DsFi Gauntlet 11 transporters


Innate Abilities, Weirdness & Mutations

Your body is rotting away.
You thrive on raw meat.
You are immune to poison.
You have sharp fingernails.
You are carnivorous and can eat meat at any time.
Your flesh is cold resistant. (rC+)
You are immune to negative energy. (rN+++)
You do not regenerate when monsters are visible.
You are immune to unholy pain and torment.
You can survive without breathing.


Message History

The yaktaur hits you!
The slime creature quivers.
You claw the yaktaur! You claw the yaktaur!
The yaktaur changes into a jumping spider!
You closely miss the jumping spider. The jumping spider closely misses you.
The jumping spider bites you.
The raiju stops to sniff the ground.
You closely miss the jumping spider.
The jumping spider leaps!
The raiju bursts into living lightning!
The living lightning hits you! x2; The raiju blinks!
The jumping spider leaps!
All of the chunks of flesh in your inventory have rotted away.
The jumping spider leaps!
The raiju bursts into living lightning!
The living lightning misses you. The living lightning hits you!
* * * LOW HITPOINT WARNING * * *
The raiju blinks!
The raiju bursts into living lightning!
The living lightning hits you!
* * * LOW HITPOINT WARNING * * *
The living lightning hits you!
* * * LOW HITPOINT WARNING * * *
The raiju blinks!
The jumping spider leaps!
You mangle the raiju!! The raiju bites you but does no damage.
You closely miss the raiju.
The jumping spider pounces on you but does no damage.
The jumping spider bites you but does no damage.
The raiju bites you.
* * * LOW HITPOINT WARNING * * *
The raiju shocks you!
* * * LOW HITPOINT WARNING * * *
Your plate armour prevents you from hitting the raiju.
The jumping spider pounces on you.
* * * LOW HITPOINT WARNING * * *
The jumping spider bites you but does no damage.
The raiju bites you but does no damage.
Okay, then.
Okay, then.
Okay, then.
You closely miss the raiju. You claw the raiju.
The jumping spider barely misses you.
The jumping spider bites you but does no damage.
The raiju closely misses you.
Unknown command.
The jumping spider pounces on you.
* * * LOW HITPOINT WARNING * * *
You are caught in a web!
The jumping spider bites you but does no damage.
The raiju bites you.
You die...

...................∩......##
........................∩.≈#
###########..###########..##
#.........#..#.........#..≈#
#.........#..#..##.##.h#..##
#........J#..#)##...##.#..≈#
#).......J####.#.....#.#..##
#©...©..JJ#©©#©.hs©....#©.≈#
#[.......J####(#@....#.#..##
#.........#..#.##...##.#..≈#
#J........#..#..##.##..#..##
#JJ.......#..#.........#..≈#
###########..###########§.##
...............§........§.§#
...............§§.........##
§#≈#≈#≈#≈#≈#§#≈#≈#≈#≈#≈#≈##
##########################


You could see 2 slime creatures, a raiju, a jumping spider shaped shifter and a
jelly.

Vanquished Creatures
  Gastronok (D:10)
  6 elephants
  2 black mambas
  A torpor snail (D:8)
  Joseph (D:7)
  2 spiny frogs
  A komodo dragon (Lair:2)
  Grinder (D:6)
  A hippogriff (Lair:1)
  4 blink frogs (Lair:2)
  2 wyverns
  8 yaks
  3 basilisks
  Menkaure (D:4)
  Edmund (D:5)
  A water moccasin (Lair:2)
  7 porcupines
  2 black bears
  A necrophage (D:7)
  3 orc warriors
  14 wolves
  6 ogres
  4 centaurs
  3 big kobolds (D:5)
  8 crocodiles
  9 bullfrogs
  3 scorpions
  7 wights
  3 howler monkeys (D:8)
  A bullfrog zombie (D:10)
  A hound (D:11)
  4 orc priests
  A gnoll shaman (D:9)
  A jelly (D:5)
  Crazy Yiuf (D:7)
  A centaur skeleton (D:5)
  2 iguanas
  2 bullfrog skeletons
  Ijyb (D:4)
  3 worker ants
  6 orc wizards
  3 hell rats (D:8)
  A hound skeleton (D:7)
  A worker ant zombie (D:9)
  10 gnolls
  9 adders
  6 river rats (D:8)
  2 shadow imps
  2 oozes
  An adder zombie (D:2)
  An adder skeleton (D:2)
  2 worms
  A dart slug (D:2)
  13 leopard geckos
  24 orcs
  A bat skeleton (D:2)
  9 giant cockroaches
  8 hobgoblins
  2 jackals (D:1)
  16 kobolds
  10 quokkas
  9 bats
  3 frilled lizards
  4 goblins
  2 quokka skeletons
  A quokka zombie (D:8)
  19 rats
290 creatures vanquished.

Vanquished Creatures (others)
  2 fungi
  4 plants
  A withered plant (Gauntlet)
7 creatures vanquished.

Grand Total: 297 creatures vanquished

Notes
Turn   | Place    | Note
-------+----------+-------------------------------------------
     0 | D:1      | MalarOregon the Ghoul Gladiator began the quest for the
                  | Orb.
     0 | D:1      | Reached XP level 1. HP: 17/17 MP: 0/0
   187 | D:1      | Reached XP level 2. HP: 19/25 MP: 1/1
   843 | D:2      | Reached skill level 4 in Unarmed Combat
   843 | D:2      | Reached XP level 3. HP: 25/31 MP: 2/2
  1099 | D:2      | Reached XP level 4. HP: 31/38 MP: 3/3
  1716 | D:3      | Reached XP level 5. HP: 14/44 MP: 4/4
  1887 | D:3      | Found a runed translucent door.
  1895 | D:3      | Noticed Borgoz's ghost (amateur MiBe)
  1990 | D:3      | Found a shimmering altar of Xom.
  1992 | D:3      | Found a hazy altar of Hepliaklqana.
  1992 | D:3      | Found a burning altar of Makhleb.
  1994 | D:3      | Found a snail-covered altar of Cheibriados.
  1994 | D:3      | Found a burning altar of Makhleb.
  1994 | D:3      | Found a shadowy altar of Dithmenos.
  2148 | D:3      | Reached skill level 5 in Unarmed Combat
  2622 | D:4      | Noticed an ogre
  2783 | D:4      | Found a white marble altar of Elyvilon.
  2860 | D:4      | Reached XP level 6. HP: 49/55 MP: 5/5
  2882 | D:4      | Found Suyrghasi's General Store.
  2889 | D:4      | Noticed Ijyb
  2909 | D:4      | Killed Ijyb
  2909 | D:4      | Reached skill level 5 in Fighting
  2924 | D:4      | Reached skill level 6 in Unarmed Combat
  2950 | D:4      | Noticed Menkaure
  2962 | D:4      | Killed Menkaure
  2962 | D:4      | Reached XP level 7. HP: 30/63 MP: 6/6
  3151 | D:4      | Found a transporter.
  3151 | D:4      | Noticed diana's ghost (amateur DsFi)
  3349 | D:4      | Found a transporter.
  3589 | D:5      | Entered Level 5 of the Dungeon
  3590 | D:5      | Noticed Edmund
  3603 | D:5      | Killed Edmund
  3603 | D:5      | Reached skill level 7 in Unarmed Combat
  3957 | D:5      | Reached XP level 8. HP: 35/71 MP: 7/7
  4110 | D:5      | You fall through a shaft for 3 floors!
  4424 | D:5      | Reached skill level 8 in Unarmed Combat
  4824 | D:6      | Found a staircase to the Ecumenical Temple.
  5031 | D:6      | Reached skill level 9 in Unarmed Combat
  5059 | D:6      | Noticed Grinder
  5065 | D:6      | Killed Grinder
  5065 | D:6      | Reached XP level 9. HP: 60/83 MP: 8/8
  5229 | Temple   | Entered the Ecumenical Temple
  5334 | Temple   | Became a worshipper of Makhleb the Destroyer
  5453 | D:7      | Reached skill level 1 in Armour
  5453 | D:7      | Reached skill level 1 in Invocations
  5589 | D:7      | Noticed Joseph
  5609 | D:7      | Killed Joseph
  5849 | D:7      | Found a runed translucent door.
  5850 | D:7      | Noticed Crazy Yiuf
  6376 | D:7      | Killed Crazy Yiuf
  6491 | D:8      | Reached skill level 5 in Invocations
  6500 | D:8      | Reached XP level 10. HP: 26/91 MP: 11/13
  6508 | D:8      | Reached skill level 5 in Armour
  6555 | D:8      | Found a staircase to the Lair.
  6557 | D:8      | You fall through a shaft for 3 floors!
  6560 | D:11     | Got a slimy short sword
  6591 | D:10     | Entered Level 10 of the Dungeon
  6591 | D:10     | Noticed Gastronok
  6603 | D:10     | Killed Gastronok
  6645 | D:10     | Reached * piety under Makhleb
  6819 | D:9      | Noticed a molten gargoyle
  6899 | D:9      | Found a sacrificial altar of Ru.
  6970 | D:8      | Reached skill level 10 in Unarmed Combat
  7080 | D:8      | Reached ** piety under Makhleb
  7297 | D:8      | Reached XP level 11. HP: 78/97 MP: 16/16
  7603 | D:8      | Reached *** piety under Makhleb
  7776 | Lair:1   | Entered Level 1 of the Lair of Beasts
  8155 | D:8      | Reached skill level 11 in Unarmed Combat
  8632 | D:8      | Found a staircase to the Lair.
  9709 | Lair:2   | Reached skill level 12 in Unarmed Combat
 10275 | Lair:2   | Reached XP level 12. HP: 91/105 MP: 17/17
 10447 | Lair:2   | Reached skill level 10 in Fighting
 10816 | Lair:3   | Found a gate leading to a gauntlet.
 10863 | Lair:3   | Reached **** piety under Makhleb
 10868 | Gauntlet | Entered a Gauntlet
 10868 | Gauntlet | Found a transporter.
 10868 | Gauntlet | Found a transporter.
 10878 | Gauntlet | Found a transporter.
 10878 | Gauntlet | Noticed a death scarab
 10881 | Gauntlet | Found a transporter.
 10889 | Gauntlet | Found a transporter.
 10892 | Gauntlet | Found a transporter.
 10899 | Gauntlet | Noticed a dire elephant
 10901 | Gauntlet | Found a transporter.
 10918 | Gauntlet | Found a transporter.
 10924 | Gauntlet | Found a transporter.
 10927 | Gauntlet | Found a transporter.
 10937 | Gauntlet | Found a transporter.
 10940 | Gauntlet | Found a transporter.
 11081 | Gauntlet | HP: 4/106 [jumping spider (shapeshifter) (4)]
 11081 | Gauntlet | Slain by a raiju (shapeshifter)

Skill      XL: |  1  2  3  4  5  6  7  8  9 10 11 12 |
---------------+-------------------------------------+-----
Fighting       | 3 4 6 7 9 10 | 10.2
Unarmed Combat | 4 5 6 7 9 10 12 | 12.9
Armour         | 4 7 9 |  9.6
Invocations    | 5 8 |  8.1
Throwing       | |  1.7
Dodging        | |  2.6

Action                   |  1- 3 |  4- 6 |  7- 9 | 10-12 || total
-------------------------+-------+-------+-------+-------++-------
Melee: Unarmed           |    90 |   149 |   291 |   554 ||  1084
       Punch             |     1 |     1 |     6 |    15 ||    23
Throw: Throwing net      |       |       |     2 |       ||     2
Evoke: Wand              |       |       |     2 |       ||     2
  Use: Potion            |       |       |     3 |     8 ||    11
       Scroll            |       |       |       |    25 ||    25
 Stab: Sleeping          |       |     1 |       |       ||     1
       Held in net/web   |       |       |     1 |       ||     1
  Eat: Chunk             |     4 |    13 |    34 |    46 ||    97
       Ration            |       |       |     2 |       ||     2
Armor: Leather armour    |    30 |    26 |    44 |       ||   100
       Plate armour      |       |       |    39 |   370 ||   409
Dodge: Dodged            |    73 |    85 |   150 |   200 ||   508
